 Dungeon Crawl Stone Soup version 0.21.1-72-gffa868e (webtiles) character file.

1051 Garchi the Skirmisher (level 8, -2/63 HPs)
             Began as a Demonspawn Abyssal Knight on Aug 4, 2018.
             Was a Believer of Lugonu.
             Slain by an ice beast (16 damage)
             ... on level 5 of the Dungeon.
             The game lasted 00:29:39 (7097 turns).

Garchi the Skirmisher (Demonspawn Abyssal Knight)   Turns: 7097, Time: 00:29:39

Health: -2/63      AC: 12    Str: 13 (14) XL:     8   Next: 5%
Magic:  10/10      EV:  7    Int: 13 (14) God:    Lugonu [**....]
Gold:   176        SH:  0    Dex: 17      Spells: 7/7 levels left

rFire    . . .     SeeInvis +   E - +0 shortbow (freeze)
rCold    . . .     Gourm    .   (shield currently unavailable)
rNeg     . . .     Faith    .   q - +1 chain mail
rPois    .         Spirit   .   (no helmet)
rElec    .         Reflect  .   j - +0 cloak
rCorr    .         Harm     +   (no gloves)
MR       .....                  v - +0 pair of boots
Stlth    ..........             y - amulet of harm
HPRegen  0.20/turn              n - ring of see invisible
MPRegen  0.12/turn              G - ring of flight

@: no status effects
A: thin skeletal structure 2, demonic guardian 1, powered by pain 1
a: Depart the Abyss, Bend Space, Renounce Religion, Evoke Flight


You were on level 5 of the Dungeon.
You worshipped Lugonu.
Lugonu was pleased with you.
You were not hungry.

You visited 1 branch of the dungeon, and saw 5 of its levels.
You visited the Abyss 1 time.

You collected 176 gold pieces.

Inventory:

Hand Weapons
 a - a +1 hand axe
 i - a +0 glaive
 m - a +0 falchion
 p - a +0 whip
 t - a +0 hand crossbow
 E - a +0 shortbow of freezing (weapon)
 J - a +0 giant club
Missiles
 e - 85 arrows (quivered)
 o - 25 poisoned needles
 s - 21 sling bullets
 x - a throwing net
Armour
 j - a +0 cloak (worn)
 q - a +1 chain mail (worn)
 v - a +0 pair of boots (worn)
 F - a +2 buckler
Magical Staves
 M - an uncursed staff of power {unknown}
Jewellery
 n - a ring of see invisible (left hand)
 u - an uncursed ring of magical power
 y - an amulet of harm (around neck)
 G - a ring of flight (right hand)
Wands
 b - a wand of random effects (29)
 C - a wand of disintegration (8)
 H - a wand of digging (15)
Scrolls
 h - a scroll of amnesia
 l - 4 scrolls of remove curse
 r - a scroll of fog {unknown}
 B - a scroll of immolation
Potions
 d - a potion of agility {unknown}
 f - 3 potions of degeneration
 g - a potion of brilliance {unknown}
 k - 2 potions of flight {unknown}
 w - a potion of heal wounds {unknown}
 z - a potion of berserk rage {unknown}
 A - 2 potions of invisibility
 D - a potion of resistance {unknown}
 I - a potion of curing
 L - a potion of haste {unknown}
Books
 K - a book of Maledictions

   Spells                             Type                      Level
   a - Corona                         Hexes                        1
   b - Ensorcelled Hibernation        Hexes/Ice                    2
   c - Confuse                        Hexes                        3
   d - Tukima's Dance                 Hexes                        3
   e - Dazzling Spray                 Conjuration/Hexes            3
Comestibles
 c - 5 rations


   Skills:
 - Level 5.4 Fighting
 - Level 5.3(5.4) Axes
 * Level 0.2(3.2) Polearms
 + Level 4.2 Armour
 + Level 2.2 Dodging
 + Level 1.0 Stealth
 + Level 1.7 Shields
 + Level 3.1 Invocations
 + Level 0.5 Evocations


You had 7 spell levels left.
You didn't know any spells.

Dungeon Overview and Level Annotations

Branches:
Dungeon (5/15)
 Temple: D:4-7

Altars:
Elyvilon
Okawaru


Innate Abilities, Weirdness & Mutations

You have a moderately thin skeletal structure. (Dex +4, Stealth+)
A weak demonic guardian rushes to your aid.
You sometimes gain a little power by taking damage.


Message History

The iguana is almost dead.
The iguana bites you but does no damage.
You slash the iguana!
You kill the iguana!
Lugonu accepts your kill.
Your Dodging skill increases to level 2!
An ice beast comes into view.
You start resting.
Your +0 shortbow of freezing is covered in frost.
E - a +0 shortbow of freezing (weapon)
You swap places.
You swap places.
The ice beast hits you. The ice beast freezes you!
* * * LOW HITPOINT WARNING * * *
Really attack while wielding your +0 shortbow of freezing? [Y]es or [N]o only, please.
Really attack while wielding your +0 shortbow of freezing?
You barely miss the ice beast. The ice beast hits you.
* * * LOW HITPOINT WARNING * * *
The ice beast freezes you!
You die...

######. ....
.....##....
#..$.......
#..........
#........ .....
#########'#######+##
#.....5@Y...........
#.#######.#.#####.##
#.#######.#.#####.
#>.................
#.#######.#.#.###.#
####.# #.#...#
#....#######.#.###
#.#............. #
#.########.#..


You could see an ice beast and a friendly iron imp.

Vanquished Creatures
  The ghost of Alter the Shield-Bearer, an amateur MiFi (D:3)
  An ogre (D:4)
  A centaur (D:5)
  A bullfrog (D:3)
  The ghost of tehjdot the Ruffian, a weakling TrBe of Trog (D:4)
  A crimson imp (D:3)
  2 hounds
  2 orc priests (D:3)
  A centaur skeleton (D:4)
  An iguana (D:5)
  2 orc wizards (D:3)
  3 worker ants
  A hound skeleton (D:4)
  A howler monkey skeleton (D:4)
  10 adders
  An ooze (D:2)
  An adder skeleton (D:4)
  4 worms
  3 dart slugs
  2 leopard geckos
  15 orcs
  7 bats
  5 giant cockroaches
  4 goblins
  9 hobgoblins
  2 jackals (D:2)
  4 kobolds
  2 quokkas
  6 frilled lizards
  A leopard gecko skeleton (D:4)
  6 rats
101 creatures vanquished.

Vanquished Creatures (collateral kills)
  Blork the orc (D:5)
  An orc priest (D:4)
  2 orc wizards
  An orc (D:4)
5 creatures vanquished.

Grand Total: 106 creatures vanquished

Notes
Turn   | Place    | Note
-------+----------+-------------------------------------------
     0 | Abyss:1  | Garchi the Demonspawn Abyssal Knight began the quest for the Orb.
     0 | Abyss:1  | Reached XP level 1. HP: 18/18 MP: 2/2
     2 | D:1      | Escaped the Abyss
   739 | D:1      | Gained mutation: You sometimes gain a little power by taking damage. [demonic ancestry]
   739 | D:1      | Reached XP level 2. HP: 24/24 MP: 4/4
  1562 | D:2      | Reached * piety under Lugonu
  1670 | D:2      | Gained mutation: You have a somewhat thin skeletal structure. (Dex +2, Stealth) [demonic ancestry]
  1670 | D:2      | Reached XP level 3. HP: 27/29 MP: 5/5
  2023 | D:2      | Reached skill level 1 in Dodging
  2090 | D:2      | Found a white marble altar of Elyvilon.
  2576 | D:2      | Reached XP level 4. HP: 34/37 MP: 6/6
  2729 | D:3      | Reached XP level 5. HP: 14/43 MP: 7/7
  2746 | D:3      | Reached ** piety under Lugonu
  3046 | D:3      | Reached skill level 5 in Fighting
  3374 | D:3      | Found an iron altar of Okawaru.
  3388 | D:3      | Noticed Alter's ghost (amateur MiFi)
  3405 | D:3      | Killed Alter's ghost
  3405 | D:3      | Gained mutation: You have a moderately thin skeletal structure. (Dex +4, Stealth+) [demonic ancestry]
  3405 | D:3      | Reached XP level 6. HP: 35/51 MP: 8/8
  3547 | D:3      | Gained mutation: A weak demonic guardian rushes to your aid. [demonic ancestry]
  3547 | D:3      | Reached XP level 7. HP: 23/56 MP: 9/9
  5707 | D:4      | Noticed tehjdot's ghost (weakling TrBe)
  5738 | D:4      | Killed tehjdot's ghost
  5738 | D:4      | Reached skill level 5 in Axes
  6510 | D:4      | Reached skill level 1 in Shields
  6659 | D:5      | Entered Level 5 of the Dungeon
  6659 | D:5      | Noticed Blork the orc
  6799 | D:5      | Killed Blork the orc
  6862 | D:5      | Reached skill level 1 in Stealth
  7039 | D:5      | Reached XP level 8. HP: 58/63 MP: 10/10
  7097 | D:5      | Slain by an ice beast

Skill      XL: |  1  2  3  4  5  6  7  8 |
---------------+-------------------------+-----
Axes           | 2 3 4 5 |  5.3
Armour         | 2 3 4 |  4.2
Dodging        | 1 2 |  2.2
Fighting       | 4 5 |  5.4
Invocations    | 3 |  3.1
Shields        | 1 |  1.7
Stealth        | 1 |  1.0
Polearms       | |  0.2
Evocations     | |  0.5

Action                   |  1- 3 |  4- 6 |  7- 9 || total
-------------------------+-------+-------+-------++-------
Melee: Hand axe          |   149 |   113 |   203 ||   465
       Shortbow          |       |       |     1 ||     1
Invok: Depart the Abyss  |     1 |       |       ||     1
       Bend Space        |       |     1 |       ||     1
Evoke: Wand              |       |     3 |     6 ||     9
  Use: Scroll            |     5 |     3 |     1 ||     9
       Potion            |       |     4 |     2 ||     6
  Eat: Ration            |     1 |     1 |     4 ||     6
       Chunk             |     2 |       |       ||     2
Armor: Leather armour    |    10 |       |       ||    10
       Chain mail        |    82 |   102 |   110 ||   294
Dodge: Dodged            |    75 |    53 |    60 ||   188
Block: Buckler           |       |       |    51 ||    51
